 Dungeon Crawl Stone Soup version 0.23.2-30-g0e89c35649 (webtiles) character file.

Game seed: 148694687391647061

93 zub the Covered (level 4, -4/34 HPs)
             Began as a Demonspawn Wanderer on June 9, 2019.
             Slain by a sky beast (6 damage)
             ... on level 3 of the Dungeon.
             The game lasted 00:03:41 (2940 turns).

zub the Covered (Demonspawn Wanderer)               Turns: 2940, Time: 00:03:41

Health: -4/34      AC:  9    Str: 14    XL:     4   Next: 36%
Magic:  0/5        EV:  6    Int: 12    God:
Gold:   161        SH:  0    Dex: 13    Spells: 3/3 levels left

rFire    + . .     SeeInvis .   q - +1 dagger (elec)
rCold    . . .     Gourm    .   (no shield)
rNeg     . . .     Faith    .   y - +0 chain mail
rPois    .         Spirit   +   (no helmet)
rElec    .         Reflect  .   (no cloak)
rCorr    .         Harm     .   (no gloves)
MR       .....                  (no boots)
Stlth    ..........             l - amulet of rage
HPRegen  0.11/turn              k - ring of attention (curse)
MPRegen  0.09/turn              r - ring of protection from fire

@: no status effects
A: nightstalker 2, magic shield
a: Evoke Berserk Rage


You were on level 3 of the Dungeon.
You were hungry.

You visited 1 branch of the dungeon, and saw 3 of its levels.

You collected 161 gold pieces.

Inventory:

Hand Weapons
 a - a +0 club
 d - a +0 dagger
 g - a +0 short sword
 q - a +1 dagger of electrocution (weapon)
Armour
 c - a +2 scale mail
 y - a +0 chain mail (worn)
Jewellery
 k - a cursed ring of attention (left hand)
 l - an amulet of rage (around neck)
 r - a ring of protection from fire (right hand)
Scrolls
 b - 3 scrolls of teleportation
 h - a scroll of remove curse {unknown}
 n - 3 scrolls of magic mapping {unknown}
 p - a scroll of noise {unknown}
 s - a scroll of fog {unknown}
 u - 3 scrolls of identify {unknown}
 w - a scroll of blinking {unknown}
Potions
 e - 3 potions of curing {unknown}
 i - a potion of cancellation {unknown}
 j - a potion of brilliance {unknown}
 m - 2 potions of resistance {unknown}
 o - a potion of berserk rage {unknown}
 t - 3 potions of degeneration {unknown}
 v - a potion of agility {unknown}
 x - 2 potions of magic {unknown}
Comestibles
 f - 7 rations
 z - a chunk of flesh


   Skills:
 + Level 2.5 Fighting
 + Level 1.6 Short Blades
   Level 1.0 Polearms
 + Level 3.9 Armour
 - Level 1.8 Stealth
 + Level 2.0 Evocations


You had 3 spell levels left.
You didn't know any spells.
Your spell library was empty.

Dungeon Overview and Level Annotations

Branches:
Dungeon (3/15)

Altars:
Zin


Innate Abilities, Weirdness & Mutations

You are significantly more attuned to the shadows.
When hurt, damage is shared between your health and your magic reserves.


Message History

Your chain mail prevents you from hitting something.
Something hits you but does no damage.
You hit something but do no damage. Something hits you but does no damage.
You are feeling hungry.
You closely miss something. Something hits you. Something shocks you.
You closely miss something. Something hits you but does no damage.
You miss something. Something hits you. Something shocks you.
* * * LOW HITPOINT WARNING * * *
You hit something but do no damage. Something hits you. Something shocks you.
* * * LOW HITPOINT WARNING * * *
You hit something. Something hits you but does no damage.
You closely miss something.
A sky beast appears from thin air!
Reactivating autopickup.
The sky beast hits you but does no damage.
You closely miss the sky beast.
The sky beast is moderately wounded.
The sky beast hits you.
* * * LOW HITPOINT WARNING * * *
The sky beast shocks you.
You die...

......##.#.#.##
......##.#.....
......##.#...##
#............##.#..>.†
#............##.#.####
#............##.#.#...
#............'..#.##.#
#...Y........####....#
....†@.......#########
...................†..
...##########.........
.. #......... .
#......... #..÷......
#......... #...÷.....
#.......≈.


You could see a sky beast.

Vanquished Creatures
  3 adders (D:2)
  An ooze (D:1)
  3 dart slugs
  2 leopard geckos
  2 orcs (D:3)
  4 ball pythons
  4 giant cockroaches
  5 goblins (D:1)
  4 hobgoblins
  3 jackals
  A quokka (D:2)
  4 bats
  3 frilled lizards
  6 kobolds
  5 rats
50 creatures vanquished.

Notes
Turn   | Place    | Note
-------+----------+-------------------------------------------
     0 | D:1      | zub the Demonspawn Wanderer began the quest for the Orb.
     0 | D:1      | zub set off with the following items: a +0 club, 2 scrolls
                  | of teleportation, a +2 scale mail, a +0 dagger, a ration
     0 | D:1      | Reached XP level 1. HP: 16/16 MP: 2/2
   137 | D:1      | Reached skill level 3 in Armour
   137 | D:1      | Gained mutation: When hurt, damage is shared between your
                  | health and your magic reserves. [demonic ancestry]
   137 | D:1      | Reached XP level 2. HP: 13/22 MP: 3/3
   841 | D:1      | Gained mutation: You are slightly more attuned to the
                  | shadows. [demonic ancestry]
   841 | D:1      | Reached XP level 3. HP: 27/27 MP: 4/4
  1899 | D:2      | Reached skill level 1 in Short Blades
  2140 | D:2      | Gained mutation: You are significantly more attuned to the
                  | shadows. [demonic ancestry]
  2140 | D:2      | Reached XP level 4. HP: 31/34 MP: 5/5
  2220 | D:2      | Found a glowing silver altar of Zin.
  2404 | D:3      | Noticed a sky beast
  2940 | D:3      | Slain by a sky beast

Skill      XL: |  1  2  3 |
---------------+----------+-----
Armour         | 3 |  3.9
Short Blades   | 1 |  1.6
Fighting       | |  2.5
Polearms       | |  1.0
Stealth        | |  1.8
Evocations     | |  2.0

Action                   |  1- 3 |  4- 6 || total
-------------------------+-------+-------++-------
Melee: Club              |    24 |       ||    24
       Short sword       |    24 |       ||    24
       Dagger            |    83 |    74 ||   157
 Stab: Sleeping          |     3 |       ||     3
  Eat: Chunk             |     3 |     3 ||     6
Armor: Scale mail        |    72 |    43 ||   115
       Chain mail        |       |    26 ||    26
Dodge: Dodged            |    68 |    32 ||   100
